Map: Para Site LE

Players

larsgj - Winner!

  • Race: Terran Terran
  • Spawn Location: 11:00

VOD

Have the link to the VOD?

Description

Time

  • Played on: Sept. 15, 2018, 8:49 a.m.
  • Length: 40:47
Show
View Real Time Build Order
Export as new Build Order

larsgj Terran - Winner!

Build Orders:  

Get SALT Encoding   

  12  0:01  SCV  
  13  0:21  Supply Depot  
  13  0:26  SCV  
  14  0:42  SCV  
  15  0:53  Barracks  
  15  1:03  Supply Depot  
  15  1:06  SCV  
  16  1:23  SCV  
  17  1:39  Supply Depot  
  17  1:40  SCV  
  17  1:49  Refinery  
  18  1:54  Refinery  
  18  2:07  Engineering Bay  
  18  2:10  SCV  
  18  2:12  Marine  
  20  2:27  SCV  
  21  2:33  Supply Depot  
  21  2:37  Marine  
  22  2:44  SCV  
  23  3:10  Terran Infantry Weapons Level 1  
  23  3:17  Supply Depot  
  23  3:18  Marine  
  24  3:36  Barracks  
  24  3:42  SCV  
  24  3:43  Marine  
  26  3:59  SCV  
  27  4:08  Marine, Supply Depot  
  28  4:16  SCV  
  29  4:33  SCV  
  29  4:39  Bunker  
  30  4:40  Supply Depot  
  30  4:50  Barracks Tech Lab  
  30  4:54  Marine  
  31  5:08  SCV  
  32  5:18  Marine  
  33  5:20  Unknown  
  33  5:23  Marine  
  33  5:28  SCV  
  35  5:43  Marine  
  35  5:44  Factory  
  35  5:49  Marine  
  37  5:50  Terran Infantry Armor Level 1  
  37  6:38  Bunker  
  37  6:57  Armory  
  37  7:10  Stimpack  
  37  7:14  Factory Tech Lab  
  37  7:23  Missile Turret  
  37  7:40  Marine  
  37  7:41  Marine  
  39  7:57  Missile Turret  
  39  8:05  Marine  
  39  8:06  Marine  
  39  8:09  Starport  
  41  8:19  Command Center  
  41  8:29  Terran Infantry Weapons Level 2  
  41  8:30  Marine x2  
  39  8:55  Marine x2  
  41  9:20  Marine x2  
  41  9:27  Medivac  
  45  9:45  Marine x2  
  47  10:10  Marine x2, Bunker  
  49  10:35  Marine x2  
  51  11:00  Marine x2  
  51  11:07  Refinery  
  53  11:12  Refinery  
  53  11:13  SCV  
  54  11:25  Marine x2  
  56  11:30  SCV, Bunker  
  56  11:39  Neosteel Frame  
  57  11:47  SCV  
  58  11:50  Marine x2  
  60  12:04  SCV  
  61  12:12  Missile Turret  
  61  12:15  Marine x2  
  63  12:21  SCV  
  63  12:28  Missile Turret  
  64  12:33  Orbital Command  
  64  12:40  Marine x2  
  66  13:04  Medivac  
  66  13:05  Marine x2  
  70  13:15  Orbital Command  
  82  13:30  Marine x2  
  72  13:46  Medivac  
  74  14:03  Command Center  
  74  14:14  SCV  
  75  14:31  SCV  
  75  14:48  SCV  
  75  14:49  Structure Armor  
  76  14:54  Marine  
  76  14:55  Marine  
  78  15:19  Marine  
  79  15:20  Marine  
  80  15:38  Bunker  
  80  15:41  Unknown  
  80  15:44  Marine  
  80  15:45  Marine  
  80  15:49  Terran Infantry Armor Level 2  
  82  16:01  Medivac  
  82  16:09  Marine  
  85  16:10  Marine  
  86  16:33  Bunker  
  86  16:34  Marine  
  86  16:35  Marine  
  88  16:43  Medivac  
  90  16:59  Marine  
  91  17:00  Marine  
  92  17:24  Marine  
  92  17:25  Marine, Medivac  
  92  17:28  SCV  
  97  17:45  SCV  
  97  17:49  Marine x2  
  99  17:57  Bunker  
  100  18:01  Refinery  
  100  18:02  SCV, Refinery  
  101  18:32  SCV x2, Marine x2  
  105  18:44  Supply Depot  
  105  18:49  SCV x2  
  107  18:57  Marine x2  
  109  19:03  Supply Depot  
  109  19:06  SCV x2  
  111  19:15  Supply Depot  
  111  19:18  Supply Depot  
  111  19:19  Hi-Sec Auto Tracking  
  111  19:23  SCV x2  
  113  19:35  Supply Depot  
  113  19:48  Supply Depot  
  113  19:50  Supply Depot  
  113  20:01  Marine  
  113  20:02  Marine  
  115  20:19  Terran Infantry Weapons Level 3, Supply Depot  
  115  20:26  Marine  
  115  20:27  Marine  
  113  20:51  Marine x2  
  113  20:53  Missile Turret, Supply Depot  
  115  21:11  Medivac  
  115  21:16  Marine x2  
  119  21:22  Missile Turret  
  119  21:27  Supply Depot  
  119  21:33  Orbital Command  
  119  21:41  Marine x2  
  121  21:51  Missile Turret  
  121  21:53  Medivac  
  123  22:05  Barracks  
  123  22:06  Marine  
  125  22:13  Barracks Reactor  
  124  22:26  Missile Turret  
  124  22:31  Marine  
  124  22:35  Medivac  
  127  22:56  Marine, Missile Turret  
  128  23:13  Barracks Reactor  
  128  23:17  Marine, Medivac  
  128  23:18  Marine  
  132  23:21  Marine  
  132  23:24  Bunker  
  133  23:42  Marine  
  133  23:43  Marine  
  133  23:46  Marine  
  136  23:59  Terran Infantry Armor Level 3, Medivac  
  138  24:06  Marine x2  
  138  24:07  Marine x2  
  142  24:11  Marine  
  143  24:31  Marine x2  
  143  24:32  Marine x2  
  143  24:36  Marine  
  146  24:56  Marine x2  
  146  24:57  Marine x2  
  140  25:01  Marine  
  138  25:21  Marine x2  
  138  25:22  Marine x2  
  138  25:26  Marine  
  143  25:46  Marine x2  
  143  25:47  Marine x2  
  147  25:51  Marine  
  148  26:11  Marine x2  
  148  26:12  Marine x2  
  148  26:16  Marine  
  153  26:20  Medivac  
  155  26:36  Marine x2  
  155  26:37  Marine x2  
  159  26:41  Marine  
  160  27:01  Marine x2  
  160  27:02  Marine x2, Medivac  
  160  27:06  Marine  
  167  27:26  Marine x2  
  167  27:27  Marine x2  
  171  27:30  Marine  
  172  27:44  Medivac  
  174  27:50  Marine  
  174  27:51  Marine  
  174  27:52  Marine x2  
  174  27:55  Marine  
  179  28:15  Marine  
  179  28:16  Marine  
  179  28:17  Marine x2  
  183  28:20  Marine  
  183  28:26  Medivac  
  186  28:40  Marine  
  186  28:41  Marine x2  
  186  28:42  Marine  
  186  28:45  Marine  
  191  28:58  Command Center  
  165  29:00  Command Center  
  165  29:05  Marine  
  165  29:06  Marine x2  
  165  29:07  Marine  
  165  29:08  Medivac  
  166  29:10  Marine  
  166  29:13  Command Center  
  166  29:14  Command Center  
  145  30:21  Terran Vehicle Weapons Level 1  
  145  30:24  Factory  
  114  32:20  Marine  
  114  32:21  Marine x4  
  119  32:37  Medivac  
  121  32:45  Marine  
  121  32:46  Marine x4  
  126  33:00  Terran Vehicle And Ship Armor Level 1  
  122  33:10  Marine  
  122  33:11  Marine x4  
  122  33:19  Medivac  
  126  33:35  Marine  
  126  33:36  Marine x4  
  130  34:01  Marine, Medivac  
  126  34:42  Medivac  
  126  35:10  Marine  
  126  35:11  Marine x4  
  131  35:24  Medivac  
  131  35:35  Marine  
  131  35:36  Marine x4  
  131  35:40  Terran Ship Weapons Level 1  
  126  36:00  Marine  
  126  36:01  Marine x4  
  126  36:06  Medivac  
  127  36:25  Marine x3  
  127  36:26  Marine  
  131  36:43  Marine  
  131  36:48  Medivac  
  134  36:50  Marine x3  
  134  36:51  Marine  
  137  37:08  Marine  
  138  37:15  Marine x4  
  141  37:30  Medivac  
  141  37:33  Marine  
  143  37:40  Marine x4  
  147  37:57  Marine  
  148  38:05  Marine x4  
  152  38:22  Marine  
  152  38:29  Marine  
  153  38:30  Marine x3  
  157  38:47  Marine  
  158  38:54  Marine, Medivac  
  158  38:55  Marine x3  
  164  39:12  Marine  
  164  39:19  Marine  
  166  39:20  Marine x3  
  169  39:36  Medivac  
  169  39:37  Marine  
  172  39:44  Marine  
  172  39:45  Marine x3  
  176  40:02  Marine  
  176  40:09  Marine  
  177  40:10  Marine x3  
Tags
 
Matchup
Co-op
Replay Pack
Multiplayer
Add a new tag
Caveats
  • Supply blocks, unpowered buildings, or Contaminate may cause inaccurate times.
  • Supply counts are checked every 10 seconds.